 Dungeon Crawl Stone Soup version 0.20-a0-490-g2d938b1 (webtiles) character file.

21382 MirrMurr the Covert (level 12, -9/51 HPs)
             Began as a Spriggan Enchanter on Jan 14, 2017.
             Was a Priest of Ashenzari.
             Mangled by a dream sheep (28 damage)
             ... on level 3 of the Lair of Beasts on Jan 15, 2017.
             The game lasted 00:39:12 (16059 turns).

MirrMurr the Covert (Spriggan Enchanter)           Turns: 16059, Time: 00:39:13

Health: -9/51      AC:  5    Str:  6    XL:     12   Next: 53%
Magic:  12/28      EV: 30    Int: 18    God:    Ashenzari [***...]
Gold:   511        SH:  0    Dex: 18    Spells: 21/34 levels left

rFire    + + .     SeeInvis +   E - +6 rapier (elec) (curse)
rCold    + . .     Gourm    .   D - +1 robe {rC+}
rNeg     . . .     Faith    .   (shield restricted)
rPois    +         Spirit   .   (helmet restricted)
rElec    .         Reflect  .   g - +1 cloak
rCorr    .         Harm     .   (gloves unavailable)
MR       ++...                  (boots unavailable)
Stlth    ++++++....             K - amulet of regeneration (curse)
Regen    0.5/turn               j - ring of poison resistance (curse)
                                e - ring of protection from fire

@: sleeping, very quick
A: unfitting armour, see invisible, fire resistance 1, herbivore 3, speed 3,
slow metabolism 2
a: Curse Item, Scrying, Renounce Religion


You were on level 3 of the Lair of Beasts.
You worshipped Ashenzari.
Ashenzari was most pleased with you.
You were hungry.

You visited 3 branches of the dungeon, and saw 15 of its levels.

You collected 1163 gold pieces.
You spent 652 gold pieces at shops.

Inventory:

Hand Weapons
 E - a cursed +6 rapier of electrocution (weapon)
Missiles
 c - 4 tomahawks of returning (quivered)
 C - 5 tomahawks
 F - 542 stones
Armour
 g - a +1 cloak (worn)
 D - a +1 robe of cold resistance (worn)
Jewellery
 e - a ring of protection from fire (left hand)
 j - a cursed ring of poison resistance (right hand)
 K - a cursed amulet of regeneration (around neck)
Wands
 a - a wand of flame (31/48)
 w - a wand of flame (19/48)
 B - a wand of acid (3/15)
Scrolls
 d - 4 scrolls of recharging
 i - 3 scrolls of identify
 k - 3 scrolls of teleportation
 m - a scroll of blinking
 n - 2 scrolls of enchant armour
 p - 5 scrolls of amnesia
 u - 3 scrolls of magic mapping
 v - a scroll of fear
 y - 2 scrolls of remove curse
 G - a scroll of enchant weapon
 L - a scroll of random uselessness {unknown}
Potions
 b - a potion of resistance
 f - 7 potions of curing
 l - 2 potions of flight
 q - a potion of might
 s - a potion of haste
 t - 3 potions of invisibility
 z - 2 potions of brilliance
 M - a potion of agility
Books
 r - a book of Enchantments

   Spells                             Type                      Level
   a - Cause Fear                     Hexes                        4
   b - Yara's Violent Unravelling     Hexes/Transmutation          5
   c - Silence                        Hexes/Air                    5
   d - Deflect Missiles               Charms/Air                   6
   e - Discord                        Hexes                        8
 x - a book of Cantrips

   Spells                             Type                      Level
   a - Confusing Touch                Hexes                        1
   b - Animate Skeleton               Necromancy                   1
   c - Summon Small Mammal            Summoning                    1
   d - Apportation                    Translocation                1
 A - a book of Necromancy

   Spells                             Type                      Level
   a - Pain                           Necromancy                   1
   b - Animate Skeleton               Necromancy                   1
   c - Vampiric Draining              Necromancy                   3
   d - Regeneration                   Charms/Necromancy            3
   e - Animate Dead                   Necromancy                   4
   f - Control Undead                 Necromancy                   4
Comestibles
 o - 6 bread rations
 H - 12 fruits
 I - 10 royal jellies
 J - a slice of pizza


   Skills:
 + Level 9.8(12.5) Short Blades
 + Level 13.2 Dodging
 + Level 14.8 Stealth
 + Level 11.8 Spellcasting
 + Level 11.9(13.5) Hexes


You had 21 spell levels left.
You knew the following spells:

 Your Spells              Type           Power        Failure   Level  Hunger
a - Ensorcelled Hibernat  Hex/Ice        #####.       1%          2    None
b - Confuse               Hex            ######..     1%          3    None
c - Corona                Hex            ######.      1%          1    None
d - Dazzling Spray        Conj/Hex       #####.       1%          3    None
t - Tukima's Dance        Hex            ######..     1%          3    None
A - Apportation           Tloc           ##....       8%          1    None


Dungeon Overview and Level Annotations

Branches:
Dungeon (11/15)            Temple (1/1) D:5            Lair (3/6) D:11
 Shoals (0/4) Lair:3          Orc (0/2) D:10
  Snake: Lair:2-4    Spider: Lair:2-4

Altars:
Ashenzari
Cheibriados
Dithmenos
Elyvilon
Fedhas
Gozag
Hepliaklqana
Kikubaaqudgha
Makhleb
Nemelex Xobeh
Okawaru
Qazlal
Ru
Sif Muna
Trog
Uskayaw
Vehumet
Xom
Yredelemnul
Zin

Shops:
D:4 ([   D:11 [

Annotations:
Lair:3 marsu's ghost, journeyman OgBe


Innate Abilities, Weirdness & Mutations

You are very small and have problems with some larger weapons.
You are too small for most types of armour.
You have supernaturally acute eyesight. (SInv)
You are a herbivore.
You cover ground extremely quickly.
You need consume almost no food.
Your flesh is heat resistant. (rF+)


Message History

You spit the dream sheep like a pig!!!!
You kill the dream sheep!
The dream sheep completely misses you.
You puncture the dream sheep!
There is a sudden explosion of sparks!
The dream sheep is almost dead.
The dream sheep bites you.
Casting: Ensorcelled Hibernation
Confirm with . or Enter, or press ? or * to list all spells.
Aiming: Ensorcelled Hibernation
Press: ? - help, Shift-Dir - straight line, f - dream sheep
Aim: a dream sheep (chance to defeat MR: 54%)
The dream sheep resists with significant effort.
The dream sheep ruffle their wool and motes of dream dust sparkle, to no effect.
The dream sheep shake their wool and sparkle.
You feel drowsy...
You fall asleep.
The dream sheep barely misses you.
The dream sheep completely misses you. x2
The dream sheep misses you. The dream sheep bites you!!
Ouch! That really hurt!
You die...

# #.. ###.....................
####.## #.........#...#..PP.....
#.##..#####.................#....
........##.........#.......... ..
.............................. #.
..............#..#.....†.....( ##
.......##.#....###............
..<..#.#.>.######Y[+........P/
..#.##.......###@#.#..........
...##....8....###Y............
...#....###....###.#........#.
.##...##...#....##.#.#.#+##...
.#...## .####....#....... ...
#....# .., *.....#..##(., ,
........... ,..... +.#,,,
8.....8..<.. , .. , , ,
............ * * *


You could see 2 dream sheep.

Vanquished Creatures
  Erica (D:9)
  The ghost of Infinimo the Carver, a journeyman DsGl of Okawaru (D:11)
  2 two-headed ogres
  2 unseen horrors
  Pikel (D:9)
  The ghost of Oki the Cleaver, a novice MiMo of Okawaru (D:7)
  A manticore (Lair:3)
  A cyclops (D:11)
  A centaur zombie (D:11)
  Maurice (D:8)
  A spiny frog (Lair:1)
  A komodo dragon (Lair:1)
  A queen bee (Lair:1)
  A troll (D:10)
  Grinder (D:3)
  5 blink frogs (Lair:1)
  4 hippogriffs
  4 dream sheep (Lair:3)
  A basilisk (Lair:2)
  18 yaks
  Menkaure (D:5)
  A hungry ghost (D:9)
  An acid dragon (D:11)
  2 hell hounds (D:11)
  4 porcupines
  3 ice beasts
  A black bear (Lair:1)
  2 orc warriors
  5 sky beasts
  5 phantoms
  7 ogres
  16 wolves
  4 centaurs
  4 crocodiles
  5 big kobolds
  Blork the orc (D:5)
  A gnoll sergeant (D:6)
  9 bullfrogs
  A wyvern zombie (D:7)
  2 wyvern skeletons
  A scorpion (D:5)
  5 wights (D:7)
  29 killer bees
  5 howler monkeys
  8 crimson imps
  A bullfrog zombie (D:11)
  A quasit (D:8)
  Crazy Yiuf (D:5)
  2 bullfrog skeletons
  3 centaur skeletons
  2 jellies
  An orc priest (D:5)
  4 hounds
  An orc wizard (D:11)
  3 iguanas
  Natasha (thrice) (D:4)
  7 worker ants
  A killer bee zombie (D:8)
  2 hound skeletons (D:6)
  A worker ant zombie (D:5)
  15 adders
  A shadow imp (D:6)
  An adder skeleton (D:8)
  2 worms
  7 leopard geckos
  36 orcs
  11 bats
  7 giant cockroaches
  5 hobgoblins
  2 jackals (D:3)
  3 quokkas
  3 frilled lizards
  10 goblins
  A jackal skeleton (D:5)
  28 kobolds
  2 leopard gecko skeletons
  A leopard gecko zombie (D:5)
  5 rats
345 creatures vanquished.

Vanquished Creatures (others)
  A black bear (D:9)
  An adder (D:9)
  An adder skeleton (D:9)
  5 orcs (D:9)
  8 fungi
  2 plants (Lair:1)
18 creatures vanquished.

Grand Total: 363 creatures vanquished

Notes
Turn   | Place    | Note
-------+----------+-------------------------------------------
     0 | D:1      | MirrMurr the Spriggan Enchanter began the quest for the Orb.
     0 | D:1      | Reached XP level 1. HP: 9/9 MP: 5/5
    83 | D:1      | Reached skill level 5 in Stealth
   165 | D:1      | Reached XP level 2. HP: 7/13 MP: 6/6
   179 | D:1      | Learned a level 2 spell: Ensorcelled Hibernation
   791 | D:1      | Reached skill level 6 in Stealth
  1009 | D:2      | Reached XP level 3. HP: 16/16 MP: 4/8
  1014 | D:2      | Learned a level 3 spell: Confuse
  1626 | D:2      | Reached XP level 4. HP: 21/21 MP: 10/10
  1631 | D:2      | Learned a level 3 spell: Dazzling Spray
  2135 | D:3      | Noticed an ogre
  2720 | D:3      | Killed an ogre
  2720 | D:3      | Reached skill level 7 in Stealth
  2720 | D:3      | Reached XP level 5. HP: 24/24 MP: 1/12
  2725 | D:3      | Learned a level 3 spell: Tukima's Dance
  3072 | D:3      | Noticed Grinder
  3094 | D:3      | Paralysed by Grinder for 2 turns
  3107 | D:3      | Killed Grinder
  3107 | D:3      | Reached skill level 5 in Hexes
  3107 | D:3      | Reached XP level 6. HP: 20/28 MP: 6/14
  3268 | D:3      | Reached skill level 5 in Dodging
  3274 | D:3      | Reached skill level 8 in Stealth
  3498 | D:3      | Reached skill level 5 in Spellcasting
  3970 | D:4      | Reached XP level 7. HP: 30/32 MP: 5/15
  3981 | D:4      | Found Ythuprin's Weapon Shoppe.
  4012 | D:4      | Found a radiant altar of Vehumet.
  4045 | D:4      | Found Gommaaga's Antique Armour Shop.
  4245 | D:4      | Noticed Natasha
  4359 | D:4      | Killed Natasha
  5008 | D:4      | Noticed Natasha
  5016 | D:4      | Killed Natasha
  5160 | D:4      | Noticed Natasha
  5170 | D:4      | Killed Natasha
  5225 | D:5      | Entered Level 5 of the Dungeon
  5321 | D:5      | Noticed Blork the orc
  5328 | D:5      | Killed Blork the orc
  5489 | D:5      | Found a runed door.
  5493 | D:5      | Noticed Crazy Yiuf
  5497 | D:5      | Killed Crazy Yiuf
  5590 | D:5      | Reached skill level 9 in Stealth
  5590 | D:5      | Reached XP level 8. HP: 36/36 MP: 12/18
  5762 | D:5      | Found a staircase to the Ecumenical Temple.
  5771 | Temple   | Entered the Ecumenical Temple
  5870 | D:5      | Found a shattered altar of Ashenzari.
  5952 | D:5      | Noticed Menkaure
  5966 | D:5      | Killed Menkaure
  5987 | D:5      | Became a worshipper of Ashenzari the Shackled
  6982 | D:6      | Found a shimmering altar of Xom.
  7249 | D:6      | Reached skill level 10 in Stealth
  7644 | D:6      | Found a stormy altar of Qazlal.
  8067 | D:7      | Reached XP level 9. HP: 30/39 MP: 17/21
  8738 | D:7      | Reached skill level 5 in Short Blades
  8795 | D:7      | Learned a level 1 spell: Apportation
  9246 | D:7      | Noticed Oki's ghost (novice MiMo)
  9265 | D:7      | Killed Oki's ghost
  9265 | D:7      | Reached skill level 11 in Stealth
  9331 | D:8      | Noticed Maurice
  9338 | D:8      | Killed Maurice
  9387 | D:8      | Reached XP level 10. HP: 44/44 MP: 23/23
  9672 | D:8      | Found a snail-covered altar of Cheibriados.
  9672 | D:8      | Found a sparkling altar of Nemelex Xobeh.
  9673 | D:8      | Found an opulent altar of Gozag.
  9795 | D:8      | Found a sacrificial altar of Ru.
  9898 | D:8      | Found a burning altar of Makhleb.
 10012 | D:9      | Reached * piety under Ashenzari
 10090 | D:9      | Noticed Pikel
 10108 | D:9      | Killed Pikel
 10199 | D:9      | Found a shadowy altar of Dithmenos.
 10457 | D:4      | Bought a +6 rapier of electrocution for 462 gold pieces
 10566 | D:8      | Identified the +8 whip of Unreason {speed, +Blink rElec MR-} (You found it on level 8 of the Dungeon)
 10588 | D:9      | Reached skill level 10 in Dodging
 10588 | D:9      | Reached skill level 12 in Stealth
 11084 | D:9      | Noticed Erica
 11090 | D:9      | Killed Erica
 11439 | D:9      | Noticed a two-headed ogre
 11445 | D:9      | Killed a two-headed ogre
 11445 | D:9      | Reached skill level 10 in Spellcasting
 11445 | D:9      | Reached skill level 10 in Hexes
 11445 | D:9      | Reached XP level 11. HP: 47/47 MP: 22/26
 11628 | D:10     | Entered Level 10 of the Dungeon
 11635 | D:10     | Noticed a two-headed ogre
 11696 | D:10     | Killed a two-headed ogre
 11696 | D:10     | Reached skill level 13 in Stealth
 12019 | D:10     | Noticed an unseen horror
 12047 | D:10     | Killed an unseen horror
 12334 | D:10     | Found a staircase to the Orcish Mines.
 12432 | D:11     | Reached ** piety under Ashenzari
 12432 | D:11     | Found a staircase to the Lair.
 12472 | D:11     | Noticed Infinimo's ghost (journeyman DsGl)
 12638 | D:11     | Noticed an unseen horror
 12844 | D:11     | Gained mutation: Your flesh is heat resistant. (rF+) [potion of beneficial mutation]
 12891 | D:11     | Killed Infinimo's ghost
 12937 | D:11     | Killed an unseen horror
 13245 | D:11     | Found Laatih's Armour Shoppe.
 13253 | D:11     | Bought a +1 robe of cold resistance for 190 gold pieces
 13687 | D:11     | Reached skill level 14 in Stealth
 13782 | Lair:1   | Entered Level 1 of the Lair of Beasts
 14006 | Lair:1   | Reached XP level 12. HP: 38/51 MP: 12/28
 14458 | Lair:1   | Upgraded the game from 0.20-a0-471-g521e6c5 to 0.20-a0-490-g2d938b1
 15188 | Lair:2   | Reached *** piety under Ashenzari
 15577 | Lair:3   | Found a staircase to the Shoals.
 15607 | Lair:3   | Noticed marsu's ghost (journeyman OgBe)
 16059 | Lair:3   | Mangled by a dream sheep

Vault maps used:
D:1:      minmay_arrival_plants_in_alcoves
D:3:      uniq_grinder
D:4:      lemuel_crystal_altar, first_bread, serial_shops, shop, shop_fountains,
          hangedman_abyss_or_decor_stagger, uniq_natasha
D:5:      ashenzari_conservatory_becter, uniq_menkaure, uniq_blork_the_orc,
          uniq_crazy_yiuf_cottage
D:6:      kennysheep_big_flooded_room, grunt_qazlal_clouds, marbit_many_paths,
          minmay_misc_feat_square
D:8:      makhleb_grotto_becter, nicolae_overflow_hidden_temple, uniq_maurice
D:9:      grunt_dithmenos_smoke_and_mirrors, uniq_pikel, uniq_erica
D:10:     orc_0_dummy
D:11:     minmay_lair_entry_lava, serial_shops, shop
Temple:   compressed_dpeg_circular_temple
Lair:1:   special_room, infiniplex_staircase_pool_2, serial_bayou_shore_b
Lair:2:   lemuel_fruit_tree
Lair:3:   minmay_shoals_entry_beasts, grunt_megastairs_5

Skill      XL: |  1  2  3  4  5  6  7  8  9 10 11 12 |
---------------+-------------------------------------+-----
Stealth        | 5 6 7 8 9 10 11 12 14 | 14.8
Spellcasting   | 3 4 5 6 7 8 10 11 | 11.8
Hexes          | 4 5 6 7 8 10 11 | 11.9
Dodging        | 4 5 6 7 9 10 12 13 | 13.2
Short Blades   | 2 4 6 7 9 |  9.8

Action                   |  1- 3 |  4- 6 |  7- 9 | 10-12 || total
-------------------------+-------+-------+-------+-------++-------
Melee: Dagger            |   116 |   192 |   348 |    83 ||   739
       Rapier            |       |       |       |   359 ||   359
Throw: Stone             |       |     6 |       |       ||     6
 Cast: Ensorcelled Hiber |     6 |    14 |    80 |   158 ||   258
       Corona            |     1 |       |       |    25 ||    26
       Confuse           |       |     7 |    20 |    51 ||    78
       Dazzling Spray    |       |     3 |    12 |    14 ||    29
Invok: Curse Item        |       |       |     1 |     1 ||     2
  Use: Scroll            |     7 |     4 |    10 |     6 ||    27
       Potion            |       |       |       |     5 ||     5
 Stab: Sleeping          |    14 |    14 |    55 |   100 ||   183
       Confused          |       |     3 |    19 |    20 ||    42
       Distracted        |       |     1 |     2 |     2 ||     5
       Invisible         |       |       |     1 |     3 ||     4
  Eat: Royal jelly       |       |     1 |       |       ||     1
       Bread ration      |       |     1 |       |     1 ||     2
       Pizza             |       |     1 |       |       ||     1
Armor: Robe              |    19 |    22 |    18 |    15 ||    74
Dodge: Dodged            |   107 |   136 |   257 |   488 ||   988
